Map: 2000 Atmospheres LE

Players

Nice - Winner!

  • Race: Protoss Protoss

Has

  • Race: Protoss Protoss

VOD

Have the link to the VOD?

Description

Time

  • Played on: Oct. 2, 2021, 9:51 a.m.
  • Length: 23:02
Show
View Real Time Build Order
Export as new Build Order

Nice Protoss - Winner!

Build Orders:  

Get SALT Encoding   

  12  0:00  Probe  
  13  0:12  Probe  
  14  0:17  Pylon  
  14  0:24  Probe (Chrono Boost)  
  16  0:37  Gateway, Probe (Chrono Boost)  
  16  0:42  Probe (Chrono Boost)  
  16  0:45  Assimilator  
  17  0:51  Probe  
  17  0:55  Assimilator  
  18  1:03  Probe (Chrono Boost)  
  19  1:07  Gateway  
  19  1:13  Probe (Chrono Boost)  
  19  1:18  Probe (Chrono Boost)  
  21  1:26  Cybernetics Core  
  22  1:41  Probe, Pylon  
  22  1:53  Probe  
  23  2:04  Stalker x2  
  23  2:05  Probe, Warp Gate (Chrono Boost)  
  28  2:19  Pylon  
  28  2:34  Stalker  
  30  2:37  Stalker  
  31  2:44  Robotics Facility  
  31  2:53  Gateway  
  31  2:55  Probe  
  32  3:04  Stalker  
  34  3:11  Stalker  
  35  3:24  Pylon  
  35  3:29  Warp Prism (Chrono Boost)  
  37  3:40  Shield Battery  
  37  3:53  Stalker  
  39  3:56  Stalker  
  39  4:02  Observer  
  42  4:11  Pylon  
  42  4:17  Stalker  
  42  4:20  Stalker  
  46  4:39  Stalker  
  46  4:40  Stalker  
  48  5:13  Stalker  
  48  5:34  Stalker  
  50  5:35  Stalker  
  52  5:51  Stalker  
  52  5:54  Pylon  
  54  6:20  Stalker x2  
  54  6:21  Stalker  
  54  6:51  Stalker x3  
  60  7:16  Stalker  
  60  7:17  Pylon  
  62  7:35  Stalker  
  62  7:36  Stalker  
  66  7:56  Stalker  
  66  8:12  Stalker x2  
  66  8:14  Pylon  
  68  8:31  Stalker  
  70  8:34  Pylon  
  70  8:36  Stalker  
  70  8:38  Stalker  
  72  9:04  Stalker x3  
  72  9:27  Stalker x2  
  76  9:38  Stalker  
  62  9:54  Stalker x2  
  62  9:59  Stalker  
  66  10:17  Stalker  
  62  10:36  Stalker x2  
  62  10:45  Stalker x2  
  64  11:17  Twilight Council  
  62  11:36  Stalker x3  
  62  11:37  Observer  
  62  11:39  Nexus, Sentry  
  60  12:07  Blink (Chrono Boost)  
  60  12:31  Probe  
  61  12:38  Sentry x3  
  67  12:52  Observer  
  67  12:56  Pylon  
  67  13:03  Probe x2  
  69  13:19  Stalker x2, Observer  
  73  13:20  Probe  
  74  13:28  Stalker  
  74  13:30  Probe  
  78  13:40  Shield Battery  
  78  13:43  Stalker  
  79  14:06  Stalker x3  
  79  14:09  Probe x2  
  86  14:27  Shield Battery  
  86  14:28  Pylon  
  86  14:31  Stalker x3  
  77  14:54  Stalker x2  
  77  14:55  Stalker, Probe  
  77  14:56  Probe  
  85  15:00  Gateway  
  69  15:20  Stalker  
  69  15:21  Stalker  
  53  15:22  Stalker  
  53  15:24  Observer  
  47  15:31  Probe x2  
  47  15:33  Observer  
  41  15:50  Probe x2  
  43  16:00  Assimilator  
  43  16:02  Assimilator  
  43  16:04  Sentry x2  
  43  16:10  Sentry  
  43  16:11  Sentry  
  51  16:13  Observer  
  51  16:16  Observer  
  51  16:43  Nexus  
  51  16:45  Observer  
  51  16:47  Stalker  
  53  17:03  Probe x2  
  53  17:04  Stalker x2  
  53  17:07  Observer  
  60  17:15  Probe x2  
  61  17:25  Stalker x2  
  65  17:32  Stalker  
  65  17:34  Probe  
  68  17:43  Probe  
  67  17:54  Stalker  
  67  17:55  Stalker  
  67  18:06  Stalker  
  67  18:07  Stalker  
  67  18:08  Probe  
  67  18:11  Probe  
  67  18:12  Probe  
  70  18:20  Probe  
  70  18:23  Stalker  
  70  18:26  Dark Shrine  
  73  18:40  Stalker x2  
  77  18:45  Gateway  
  77  18:47  Gateway  
  77  18:52  Stalker  
  77  18:54  Pylon  
  79  18:56  Probe  
  79  18:57  Probe  
  79  18:58  Probe  
  82  19:06  Stalker, Zealot  
  86  19:13  Probe x2, Charge (Chrono Boost)  
  86  19:14  Probe  
  89  19:21  Assimilator  
  89  19:23  Assimilator  
  89  19:28  Probe x3  
  92  19:32  Pylon  
  92  19:40  Probe  
  91  19:47  Dark Templar  
  91  19:49  Zealot x3  
  91  19:52  Probe  
  100  19:56  Shadow Stride (Chrono Boost)  
  100  20:06  Gateway  
  100  20:09  Gateway  
  100  20:10  Dark Templar  
  102  20:14  Pylon  
  102  20:20  Stalker x2  
  100  20:35  Stalker x3  
  106  20:42  Observer  
  104  20:45  Stalker x3  
  110  20:56  Pylon  
  110  21:07  Stalker x5  
  120  21:15  Shield Battery  
  118  21:28  Stalker x3  
  122  21:42  Stalker  
  122  21:43  Stalker x4  
  128  22:00  Stalker x3  
  115  22:30  Stalker x3  
  115  22:31  Stalker x2  
  115  22:35  Stalker  
  115  22:36  Stalker, Zealot  
Show
View Real Time Build Order
Export as new Build Order

Has Protoss 

Build Orders: Oracle Opening 

Get SALT Encoding   

  12  0:00  Probe  
  13  0:12  Probe  
  14  0:19  Pylon  
  14  0:24  Probe  
  15  0:37  Probe (Chrono Boost)  
  15  0:39  Gateway  
  16  0:46  Assimilator, Probe (Chrono Boost)  
  17  0:51  Probe (Chrono Boost)  
  17  0:56  Assimilator  
  18  1:03  Probe (Chrono Boost)  
  19  1:13  Probe (Chrono Boost)  
  19  1:16  Gateway  
  19  1:18  Probe (Chrono Boost)  
  21  1:25  Cybernetics Core  
  21  1:29  Probe  
  22  1:35  Pylon  
  22  1:41  Probe  
  23  1:54  Probe  
  24  2:01  Warp Gate  
  24  2:03  Stalker x2  
  28  2:09  Pylon  
  28  2:12  Probe  
  29  2:34  Stalker x2  
  33  2:41  Probe  
  34  2:50  Stargate  
  34  2:54  Shield Battery  
  34  3:15  Nexus  
  33  3:23  Shield Battery  
  33  3:31  Oracle (Chrono Boost)  
  36  3:40  Shield Battery  
  36  3:48  Pylon  
  36  3:49  Sentry  
  38  4:01  Void Ray (Chrono Boost)  
  38  4:06  Shield Battery  
  38  4:08  Probe  
  43  4:20  Probe  
  43  4:21  Stalker  
  46  4:25  Pylon  
  46  4:30  Stalker  
  47  4:40  Gateway  
  47  4:41  Void Ray (Chrono Boost)  
  50  4:59  Stalker  
  52  5:05  Shield Battery  
  52  5:13  Gateway  
  50  5:26  Void Ray (Chrono Boost)  
  50  5:27  Probe  
  50  5:28  Probe  
  54  5:36  Zealot  
  54  5:47  Probe  
  53  5:54  Void Ray (Chrono Boost)  
  53  6:01  Probe x2  
  59  6:05  Pylon  
  59  6:07  Zealot  
  59  6:08  Zealot  
  63  6:23  Cybernetics Core  
  63  6:25  Void Ray (Chrono Boost)  
  65  6:26  Pylon  
  67  6:40  Pylon  
  67  6:45  Probe  
  58  6:55  Void Ray (Chrono Boost), Gateway  
  57  7:09  Probe  
  57  7:10  Probe  
  57  7:14  Sentry  
  57  7:21  Probe  
  57  7:22  Probe  
  58  7:31  Void Ray (Chrono Boost)  
  58  7:33  Probe  
  58  7:34  Shield Battery x2  
  63  7:47  Probe  
  63  7:53  Zealot  
  63  7:55  Sentry  
  66  8:00  Probe  
  66  8:01  Probe  
  67  8:11  Pylon  
  66  8:15  Shield Battery  
  66  8:18  Sentry  
  66  8:19  Zealot  
  70  8:26  Probe  
  68  8:34  Void Ray (Chrono Boost)  
  68  8:44  Zealot  
  68  8:46  Probe  
  71  8:53  Zealot  
  70  9:06  Sentry  
  67  9:21  Sentry  
  67  9:23  Probe x2  
  69  9:29  Zealot  
  69  9:31  Shield Battery  
  71  9:35  Probe x2  
  70  9:44  Sentry  
  72  9:47  Probe x2  
  64  9:59  Probe x2  
  66  10:01  Void Ray  
  64  10:13  Zealot  
  64  10:14  Zealot  
  68  10:19  Probe x2  
  67  10:34  Sentry  
  67  10:37  Probe  
  67  10:39  Zealot  
  67  10:41  Void Ray (Chrono Boost)  
  71  10:44  Probe  
  74  11:11  Void Ray (Chrono Boost), Pylon  
  78  11:33  Zealot  
  78  11:35  Zealot  
  78  11:39  Void Ray (Chrono Boost)  
  83  12:01  Probe  
  83  12:03  Pylon  
  83  12:05  Robotics Facility  
  81  12:17  Pylon  
  81  12:28  Probe x2  
  83  12:32  Pylon  
  83  12:33  Oracle (Chrono Boost)  
  86  12:46  Probe x2  
  88  12:52  Observer (Chrono Boost)  
  88  12:56  Zealot x2  
  93  13:06  Immortal (Chrono Boost), Observer  
  97  13:17  Probe  
  98  13:20  Pylon  
  98  13:23  Void Ray x3  
  98  13:26  Assimilator  
  98  13:33  Pylon x2  
  98  13:37  Warp Prism (Chrono Boost)  
  97  13:53  Stalker x2  
  101  14:02  Void Ray  
  101  14:04  Immortal (Chrono Boost)  
  105  14:27  Zealot x2  
  109  14:38  Immortal (Chrono Boost)  
  101  14:52  Sentry x2  
  101  14:58  Probe x2  
  95  15:10  Void Ray  
  95  15:12  Immortal (Chrono Boost)  
  65  15:29  Probe  
  65  15:30  Probe  
  49  15:44  Stalker x2  
  49  15:46  Warp Prism (Chrono Boost)  
  55  16:00  Gateway x2  
  55  16:12  Stalker  
  55  16:15  Observer (Chrono Boost)  
  55  16:17  Zealot  
  60  16:20  Pylon  
  59  16:43  Zealot x2  
  59  16:47  Nexus  
  59  16:49  Pylon  
  59  16:55  Immortal (Chrono Boost)  
  61  17:24  Warp Prism (Chrono Boost)  
  61  17:33  Pylon  
  61  17:36  Zealot x3  
  65  17:51  Zealot  
  65  17:56  Zealot x3  
  67  18:08  Twilight Council  
  66  18:19  Observer (Chrono Boost)  
  66  18:20  Adept x2  
  70  18:27  Shield Battery  
  70  18:30  Zealot x2  
  72  18:42  Adept x2  
  74  18:57  Charge (Chrono Boost)  
  74  18:58  Assimilator  
  70  19:19  Gateway  
  70  19:20  Zealot x4  
  70  19:22  Gateway  
  78  19:29  Assimilator  
  78  19:30  Probe  
  77  19:46  Immortal (Chrono Boost)  
  77  19:48  Zealot x3  
  77  19:49  Zealot  
  89  20:01  Observer  
  89  20:05  Templar Archives  
  89  20:09  Zealot x4  
  97  20:21  Observer (Chrono Boost)  
  92  20:29  Zealot x2  
  92  20:30  Zealot x2  
  100  20:42  Zealot  
  99  21:03  High Templar  
  99  21:04  High Templar  
  103  21:05  Zealot x4  
  103  21:08  Archon  
  111  21:23  Immortal (Chrono Boost)  
  113  21:30  Zealot x3  
  113  21:59  High Templar x2  
  113  22:00  Zealot x3  
  113  22:04  Archon  
  105  22:16  Zealot  
  105  22:20  Immortal (Chrono Boost)  
  105  22:24  Zealot x3  
Tags
 
Add a new tag
Caveats
  • Supply blocks, unpowered buildings, or Contaminate may cause inaccurate times.
  • Supply counts are checked every 10 seconds.